cohdb
Replays
Latest Replays
All Replays
Popular Replays
Top Player Replays
Match Explorer
How It Works
Community
CoH3 Stats
Reddit
Sign in to upload your games and track your stats! →
Sign in with Steam
Match 41206369
Unlisted
Match 41206369
Overview
Messages
Build Orders
End
Royal Engineer Section
Construct Section Command Post
Selects Canadian Shock Battlegroup
Infantry Section
Dingo Light Scout Car
Infantry Section
Construct Platoon Command Post
Selects Attacking Spirit
Selects Canadian Shock Section
Canadian Shock Section
Construct Field Infirmary
Humber Armored Car
Grenade Package
Selects Incendiary Munitions
Selects Pyrotechnics
Infantry Section
Sahelanthropus
Nubbl0r
0
0
Comments
sign in to comment!
No comments posted yet!